 Dungeon Crawl Stone Soup version 0.21.0 (webtiles) character file.

316 Timinator the Insei (level 6, -4/47 HPs)
             Began as a Vampire Transmuter on Jan 8, 2018.
             Slain by an orc priest
             ... wielding a +0 war axe
              (6 damage)
             ... on level 4 of the Dungeon.
             The game lasted 00:26:51 (3381 turns).

Timinator the Insei (Vampire Transmuter)            Turns: 3381, Time: 00:26:52

Health: -4/47      AC:  3    Str:  9    XL:     6   Next: 20%
Magic:  10/10      EV: 14    Int: 15    God:
Gold:   100        SH:  0    Dex: 17    Spells: 1/11 levels left

rFire    + . .     SeeInvis +     - Unarmed
rCold    . . .     Gourm    .   (no shield)
rNeg     . . .     Faith    .   b - +1 robe
rPois    .         Spirit   .   (no helmet)
rElec    .         Reflect  .   (no cloak)
rCorr    .         Harm     .   (no gloves)
MR       .....                  (no boots)
Stlth    ++........             (no amulet)
HPRegen  0.35/turn              h - ring of protection from fire
MPRegen  0.12/turn              (no ring)

@: appendage (expiring), regenerating quickly
A: fangs 3, horns 2, see invisible, unbreathing
a: End Transformation


You were on level 4 of the Dungeon.
You were full.
You had grown temporary horns.
You visited 1 branch of the dungeon, and saw 4 of its levels.

You collected 100 gold pieces.

Inventory:

Missiles
 a - 12 arrows
Armour
 b - a +1 robe (worn)
Jewellery
 h - a ring of protection from fire (left hand)
Scrolls
 e - 2 scrolls of magic mapping {unknown}
Potions
 d - 20 potions of blood
 i - 2 potions of flight
 k - a potion of degeneration {unknown}
 n - 2 potions of curing
Books
 c - a book of Changes

   Spells                             Type                      Level
   a - Beastly Appendage              Transmutation                1
   b - Sticks to Snakes               Transmutation                2
   c - Spider Form                    Transmutation/Poison         3
   d - Ice Form                       Ice/Transmutation            4
   e - Blade Hands                    Transmutation                5


   Skills:
 * Level 3.1 Fighting
 * Level 3.6 Dodging
 * Level 4.3 Unarmed Combat
 + Level 3.0 Spellcasting
 * Level 3.5 Transmutations


You had one spell level left.
You knew the following spells:

 Your Spells              Type           Power        Failure   Level  Hunger
a - Beastly Appendage     Tmut           ##....       4%          1    #......
b - Blade Hands           Tmut           ##........   77%         5    ######.
c - Ice Form              Ice/Tmut       #.......     67%         4    #####..


Dungeon Overview and Level Annotations

Branches:
Dungeon (4/15)
 Temple: D:4-7

Altars:
Dithmenos
Sif Muna
Yredelemnul


Innate Abilities, Weirdness & Mutations

Your natural rate of healing is unusually fast.
You have razor-sharp teeth.
You have supernaturally acute eyesight. (SInv)
You can survive without breathing.
You have a pair of horns on your head.


Message History

You feel less confused. The orc priest barely misses you.
You hit the orc priest but do no damage.
The orc priest is moderately wounded.
The orc priest invokes the aid of Beogh against you.
Beogh smites you!
* * * LOW HITPOINT WARNING * * *
You hit the orc priest but do no damage.
The orc priest is moderately wounded.
The orc priest looks braver for a moment.
You hit the orc priest but do no damage.
You headbutt the orc priest, but do no damage.
The orc priest is moderately wounded.
The orc priest mumbles some strange prayers to Beogh against you.
Pain shoots through your body!
* * * LOW HITPOINT WARNING * * *
You closely miss the orc priest.
The orc priest is moderately wounded.
The orc priest hits you with a war axe.
You die...

........#
#..###...#........
.)).....###.##
##..#...#.... .........##.#
##..........# #...........#
##..##......##
#.......#######..#####....#
#.......# #..## ....#
#......## ##.# ..#.#
.......# #.## #..###.. ##@#
#. ## #o## #..# #......#
..#...## ..#....# ##.
..#..# #. ####..# #. ...


You could see an orc priest.

Vanquished Creatures
  A scorpion (D:4)
  2 orc priests
  An orc wizard (D:3)
  7 adders
  2 worms (D:2)
  4 dart slugs (D:1)
  6 leopard geckos
  9 orcs
  2 ball pythons (D:1)
  A giant cockroach (D:1)
  5 goblins
  7 hobgoblins
  11 jackals
  4 quokkas
  2 bats (D:2)
  6 frilled lizards
  17 kobolds
  7 rats
94 creatures vanquished.

Notes
Turn   | Place    | Note
-------+----------+-------------------------------------------
     0 | D:1      | Timinator the Vampire Transmuter began the quest for the Orb.
     0 | D:1      | Reached XP level 1. HP: 14/14 MP: 3/3
    22 | D:1      | Reached skill level 1 in Fighting
    52 | D:1      | Reached XP level 2. HP: 8/22 MP: 5/5
   271 | D:1      | Reached XP level 3. HP: 27/27 MP: 6/6
  1399 | D:2      | Reached XP level 4. HP: 34/34 MP: 7/7
  1448 | D:2      | Found a faded altar of an unknown god.
  2652 | D:3      | Found a basalt altar of Yredelemnul.
  2668 | D:3      | Found a deep blue altar of Sif Muna.
  2733 | D:3      | Reached skill level 4 in Unarmed Combat
  2733 | D:3      | Reached XP level 5. HP: 25/39 MP: 6/8
  2871 | D:3      | Found a shadowy altar of Dithmenos.
  3241 | D:4      | Reached XP level 6. HP: 47/47 MP: 10/10
  3331 | D:4      | Learned a level 5 spell: Blade Hands
  3336 | D:4      | Learned a level 4 spell: Ice Form
  3380 | D:4      | HP: 2/47 [orc priest/nerve-wracking pain (12)]
  3381 | D:4      | Slain by an orc priest

Skill      XL: |  1  2  3  4  5  6 |
---------------+-------------------+-----
Fighting       | 1 2 3 |  3.1
Dodging        | 3 |  3.6
Unarmed Combat | 4 |  4.3
Transmutations | 3 |  3.5
Spellcasting   | 3 |  3.0

Action                   |  1- 3 |  4- 6 || total
-------------------------+-------+-------++-------
Melee: Unarmed           |   157 |   208 ||   365
       Bite              |    15 |    15 ||    30
       Headbutt          |     2 |    22 ||    24
       Kick              |     1 |     8 ||     9
       Punch             |     1 |     5 ||     6
 Cast: Beastly Appendage |     5 |    15 ||    20
  Use: Potion            |     2 |     6 ||     8
       Scroll            |       |     4 ||     4
 Stab: Sleeping          |     3 |     1 ||     4
  Eat: Corpse            |     8 |     7 ||    15
Armor: Robe              |    25 |    19 ||    44
       Skin              |     4 |       ||     4
Dodge: Dodged            |    88 |   133 ||   221
